[ AOE2 MATCH · #505303757 ]
UnrankedKoreans vs Shu
Player's team · WIN
Rival team · LOSS
[ REPLAY ANALYSIS · EXTRACTED FROM THE RECORDED GAME ]
Feudal
8:50
Castle
25:04
Imperial
—
| APM avg | 74.5 |
| APM peak | 174 |
| eAPM avg | 25.8 |
| Villagers / military | 107 / 104 |
Focus
⚔️ 42.2% · 🌾 57.8%
Archer ×86 · Iron Pagoda ×9 · Scout Cavalry ×9
Feudal
11:17
Castle
21:55
Imperial
—
| APM avg | 46.8 |
| APM peak | 79 |
| eAPM avg | 26.8 |
| Villagers / military | 101 / 84 |
Focus
⚔️ 19.8% · 🌾 80.2%
Archer ×46 · Skirmisher ×26 · Militia ×5 · Mangonel ×5 · Spearman ×2
Match map
Initial resources + every placement click. Lines = walls · curves = elevation contours. ◆ gold · ⬟ stone · ● berries · ✦ relic · ◌ wall gap
Your base· ✓ Closed at 25:04 · 39t walls · no gate
OX | JuDaS's base· Open — opponent sealed themselves in
Smoothed initial terrain · ◌ = detected wall gap · hover for details
Inputs per minute
— AiM | Cronnos - - OX | JuDaS
Build order — AiM | Cronnos
First 150 of 347 actions detected
| 0:00 | Queue | Villager (Male) |
| 0:00 | Queue | Villager (Male) |
| 0:00 | Queue | Villager (Male) |
| 0:02 | Build | House |
| 0:03 | Build | House |
| 0:10 | Queue | Villager (Male) |
| 1:23 | Queue | Villager (Male) |
| 1:36 | Build | Mill |
| 1:58 | Queue | Villager (Male) |
| 2:27 | Queue | Villager (Male) |
| 2:53 | Queue | Villager (Male) |
| 2:53 | Queue | Villager (Male) |
| 3:18 | Queue | Villager (Male) |
| 3:19 | Queue | Villager (Male) |
| 3:49 | Build | House |
| 4:03 | Queue | Villager (Male) |
| 4:29 | Queue | Villager (Male) |
| 4:49 | Build | Lumber Camp |
| 4:56 | Queue | Villager (Male) |
| 5:17 | Queue | Villager (Male) |
| 5:48 | Queue | Villager (Male) |
| 5:55 | Research | Loom |
| 6:35 | Research | Feudal Age |
| 6:35 | Research | Feudal Age |
| 7:19 | Build | Mining Camp |
| 8:10 | Build | Barracks |
| 8:30 | Build | House |
| 8:32 | Queue | Villager (Male) |
| 8:50 | Age | Feudal Age |
| 8:54 | Queue | Villager (Male) |
| 9:00 | Build | Palisade Wall |
| 9:01 | Build | Palisade Wall |
| 9:23 | Build | Archery Range |
| 9:33 | Queue | Villager (Male) |
| 9:56 | Queue | Villager (Male) |
| 10:09 | Build | House |
| 10:09 | Queue | Villager (Male) |
| 10:10 | Queue | Archer |
| 10:35 | Build | House |
| 10:36 | Build | Palisade Wall |
| 10:39 | Queue | Archer |
| 10:47 | Research | Double-Bit Axe |
| 10:53 | Build | Farm |
| 11:06 | Queue | Archer |
| 11:11 | Build | Farm |
| 11:13 | Queue | Villager (Male) |
| 11:13 | Queue | Villager (Male) |
| 11:30 | Queue | Villager (Male) |
| 11:57 | Queue | Villager (Male) |
| 11:58 | Queue | Archer |
| 12:11 | Queue | Villager (Male) |
| 12:14 | Build | Mill |
| 12:21 | Build | Farm |
| 12:26 | Queue | Archer |
| 12:28 | Build | Farm |
| 12:29 | Build | Farm |
| 12:41 | Queue | Villager (Male) |
| 13:02 | Queue | Archer |
| 13:05 | Queue | Villager (Male) |
| 13:07 | Build | Farm |
| 13:09 | Build | Farm |
| 13:11 | Build | Farm |
| 13:22 | Build | Farm |
| 13:24 | Build | House |
| 13:27 | Queue | Villager (Male) |
| 13:31 | Build | Palisade Wall |
| 13:34 | Queue | Villager (Male) |
| 13:40 | Queue | Archer |
| 13:44 | Build | Farm |
| 14:01 | Queue | Villager (Male) |
| 14:04 | Build | Farm |
| 14:19 | Queue | Villager (Male) |
| 14:20 | Queue | Archer |
| 14:25 | Build | Farm |
| 14:47 | Build | Farm |
| 14:55 | Queue | Villager (Male) |
| 14:57 | Queue | Archer |
| 15:01 | Build | House |
| 15:10 | Research | Town Watch |
| 15:33 | Queue | Villager (Male) |
| 15:46 | Build | Stable |
| 15:48 | Queue | Archer |
| 16:08 | Build | Palisade Wall |
| 16:08 | Queue | Villager (Male) |
| 16:13 | Build | House |
| 16:23 | Queue | Archer |
| 16:30 | Queue | Scout Cavalry |
| 16:30 | Queue | Scout Cavalry |
| 16:33 | Build | Lumber Camp |
| 16:43 | Build | Palisade Wall |
| 16:50 | Queue | Villager (Male) |
| 17:01 | Queue | Archer |
| 17:32 | Queue | Scout Cavalry |
| 17:32 | Queue | Villager (Male) |
| 17:34 | Queue | Archer |
| 17:45 | Build | Blacksmith |
| 17:48 | Build | House |
| 17:57 | Queue | Villager (Male) |
| 18:11 | Build | Farm |
| 18:27 | Queue | Scout Cavalry |
| 18:29 | Research | Fletching |
| 18:34 | Build | House |
| 18:34 | Queue | Villager (Male) |
| 18:40 | Queue | Scout Cavalry |
| 18:53 | Queue | Archer |
| 18:59 | Queue | Villager (Male) |
| 19:07 | Queue | Archer |
| 19:09 | Build | Archery Range |
| 19:21 | Queue | Villager (Male) |
| 19:30 | Queue | Scout Cavalry |
| 19:31 | Queue | Archer |
| 19:35 | Build | Farm |
| 19:37 | Build | Farm |
| 19:47 | Build | House |
| 19:51 | Queue | Villager (Male) |
| 19:54 | Build | Palisade Wall |
| 19:58 | Queue | Scout Cavalry |
| 20:04 | Queue | Archer |
| 20:04 | Queue | Archer |
| 20:29 | Queue | Archer |
| 20:29 | Queue | Villager (Male) |
| 20:29 | Queue | Villager (Male) |
| 20:31 | Build | Farm |
| 21:13 | Queue | Archer |
| 21:13 | Queue | Archer |
| 21:16 | Build | Farm |
| 21:16 | Queue | Villager (Male) |
| 21:20 | Build | Market |
| 21:27 | Build | Farm |
| 21:31 | Queue | Scout Cavalry |
| 21:31 | Queue | Scout Cavalry |
| 21:34 | Build | Farm |
| 21:38 | Research | Horse Collar |
| 21:54 | Queue | Villager (Male) |
| 22:05 | Build | House |
| 22:12 | Build | Farm |
| 22:13 | Build | Farm |
| 22:24 | Research | Castle Age |
| 22:24 | Research | Castle Age |
| 22:28 | Build | House |
| 22:34 | Queue | Archer |
| 22:34 | Queue | Archer |
| 22:38 | Research | Scale Barding Armor |
| 22:42 | Build | House |
| 22:44 | Build | House |
| 22:50 | Queue | Archer |
| 22:50 | Queue | Archer |
| 23:02 | Build | House |
| 23:03 | Build | House |
| 23:44 | Queue | Villager (Male) |
Build order — OX | JuDaS
First 150 of 285 actions detected
| 0:00 | Queue | Villager (Male) |
| 0:01 | Queue | Villager (Male) |
| 0:02 | Build | House |
| 0:03 | Build | House |
| 0:08 | Queue | Villager (Male) |
| 0:08 | Queue | Villager (Male) |
| 0:08 | Queue | Villager (Male) |
| 1:42 | Queue | Villager (Male) |
| 1:54 | Build | Lumber Camp |
| 2:07 | Queue | Villager (Male) |
| 2:07 | Queue | Villager (Male) |
| 2:33 | Queue | Villager (Male) |
| 2:33 | Queue | Villager (Male) |
| 2:50 | Queue | Villager (Male) |
| 3:13 | Queue | Villager (Male) |
| 3:36 | Queue | Villager (Male) |
| 3:37 | Queue | Villager (Male) |
| 4:06 | Build | House |
| 4:08 | Build | House |
| 4:12 | Queue | Villager (Male) |
| 4:13 | Queue | Villager (Male) |
| 4:32 | Queue | Villager (Male) |
| 4:39 | Build | Barracks |
| 4:48 | Queue | Villager (Male) |
| 4:58 | Build | House |
| 5:08 | Queue | Villager (Male) |
| 5:33 | Queue | Villager (Male) |
| 5:34 | Queue | Villager (Male) |
| 5:41 | Queue | Militia |
| 5:41 | Queue | Militia |
| 5:58 | Queue | Militia |
| 6:15 | Queue | Villager (Male) |
| 6:16 | Queue | Villager (Male) |
| 6:17 | Queue | Villager (Male) |
| 6:17 | Queue | Villager (Male) |
| 6:22 | Build | Mill |
| 6:31 | Queue | Militia |
| 6:51 | Queue | Villager (Male) |
| 6:54 | Research | Loom |
| 7:03 | Build | House |
| 7:17 | Queue | Villager (Male) |
| 7:18 | Queue | Villager (Male) |
| 7:49 | Queue | Militia |
| 8:15 | Queue | Villager (Male) |
| 9:07 | Research | Feudal Age |
| 9:08 | Research | Feudal Age |
| 9:11 | Build | Mining Camp |
| 10:01 | Build | House |
| 11:17 | Age | Feudal Age |
| 11:21 | Research | Man-at-Arms (upgrade) |
| 11:25 | Build | Archery Range |
| 11:33 | Build | Blacksmith |
| 12:03 | Queue | Villager (Male) |
| 12:05 | Build | Farm |
| 12:06 | Build | Farm |
| 12:08 | Research | Double-Bit Axe |
| 12:08 | Queue | Villager (Male) |
| 12:17 | Queue | Skirmisher |
| 12:22 | Build | Farm |
| 12:25 | Research | Fletching |
| 12:26 | Queue | Skirmisher |
| 12:42 | Queue | Villager (Male) |
| 12:43 | Queue | Skirmisher |
| 12:50 | Build | House |
| 13:04 | Build | Farm |
| 13:07 | Build | Farm |
| 13:08 | Research | Padded Archer Armor |
| 13:13 | Queue | Villager (Male) |
| 13:13 | Queue | Villager (Male) |
| 13:19 | Queue | Skirmisher |
| 13:32 | Queue | Spearman |
| 13:36 | Build | Farm |
| 13:42 | Build | House |
| 13:49 | Build | House |
| 13:54 | Build | House |
| 14:05 | Queue | Archer |
| 14:08 | Queue | Villager (Male) |
| 14:10 | Queue | Villager (Male) |
| 14:10 | Queue | Villager (Male) |
| 14:12 | Build | Farm |
| 14:22 | Build | House |
| 14:26 | Queue | Archer |
| 14:30 | Queue | Spearman |
| 14:31 | Queue | Villager (Male) |
| 14:42 | Queue | Archer |
| 14:52 | Build | House |
| 15:02 | Queue | Villager (Male) |
| 15:03 | Queue | Archer |
| 15:05 | Queue | Villager (Male) |
| 15:15 | Build | Farm |
| 15:18 | Build | Farm |
| 15:39 | Queue | Archer |
| 15:43 | Build | House |
| 15:46 | Build | Palisade Wall |
| 15:49 | Build | Farm |
| 15:49 | Queue | Villager (Male) |
| 15:57 | Queue | Villager (Male) |
| 16:05 | Build | Farm |
| 16:13 | Build | House |
| 16:16 | Build | Palisade Wall |
| 16:33 | Queue | Villager (Male) |
| 16:37 | Build | Farm |
| 16:49 | Build | Farm |
| 17:01 | Queue | Archer |
| 17:01 | Queue | Archer |
| 17:10 | Build | Farm |
| 17:11 | Queue | Villager (Male) |
| 17:59 | Queue | Villager (Male) |
| 18:05 | Build | Watch Tower |
| 18:08 | Queue | Villager (Male) |
| 18:28 | Build | Market |
| 19:01 | Build | Farm |
| 19:15 | Research | Castle Age |
| 19:44 | Queue | Villager (Male) |
| 19:47 | Build | Archery Range |
| 19:49 | Queue | Archer |
| 19:49 | Queue | Archer |
| 20:12 | Build | House |
| 20:18 | Queue | Archer |
| 20:45 | Queue | Archer |
| 20:45 | Queue | Archer |
| 21:18 | Build | Farm |
| 21:19 | Build | Farm |
| 21:21 | Research | Horse Collar |
| 21:29 | Queue | Archer |
| 21:36 | Build | Lumber Camp |
| 21:55 | Age | Castle Age |
| 21:58 | Research | Crossbowman (upgrade) |
| 21:59 | Research | Bodkin Arrow |
| 22:04 | Queue | Archer |
| 22:04 | Queue | Archer |
| 22:08 | Queue | Villager (Male) |
| 22:23 | Build | Farm |
| 22:30 | Queue | Archer |
| 22:30 | Queue | Archer |
| 22:36 | Queue | Villager (Male) |
| 22:52 | Research | Leather Archer Armor |
| 23:02 | Queue | Archer |
| 23:02 | Queue | Archer |
| 23:05 | Queue | Villager (Male) |
| 23:06 | Build | Farm |
| 23:07 | Queue | Villager (Male) |
| 23:48 | Queue | Villager (Male) |
| 23:49 | Build | Farm |
| 24:01 | Queue | Villager (Male) |
| 24:03 | Build | Farm |
| 24:16 | Build | Town Center |
| 24:29 | Queue | Villager (Male) |
| 24:33 | Queue | Villager (Male) |
| 24:33 | Queue | Villager (Male) |
Match timeline
| 4:39 | OX | JuDaS · first_building Barracks |
| 8:10 | AiM | Cronnos · first_building Barracks |
| 8:50 | AiM | Cronnos · age_up feudal |
| 9:00 | AiM | Cronnos · wall_segment Palisade Wall x1 |
| 9:01 | AiM | Cronnos · wall_segment Palisade Wall x1 |
| 9:23 | AiM | Cronnos · first_building Archery Range |
| 10:36 | AiM | Cronnos · wall_segment Palisade Wall x5 |
| 11:17 | OX | JuDaS · age_up feudal |
| 11:25 | OX | JuDaS · first_building Archery Range |
| 13:31 | AiM | Cronnos · wall_segment Palisade Wall x14 |
| 15:46 | OX | JuDaS · wall_segment Palisade Wall x5 |
| 15:46 | AiM | Cronnos · first_building Stable |
| 16:08 | AiM | Cronnos · wall_segment Palisade Wall x1 |
| 16:16 | OX | JuDaS · wall_segment Palisade Wall x12 |
| 16:43 | AiM | Cronnos · wall_segment Palisade Wall x9 |
| 19:13 | OX | JuDaS · first_market_buy 100 food |
| 19:54 | AiM | Cronnos · wall_segment Palisade Wall x8 |
| 21:55 | OX | JuDaS · age_up castle |
| 22:24 | AiM | Cronnos · first_market_sell 100 food |
| 22:51 | OX | JuDaS · first_market_sell 100 food |
| 25:04 | AiM | Cronnos · age_up castle |
| 26:03 | OX | JuDaS · first_building Siege Workshop |
| 30:19 | AiM | Cronnos · first_building Siege Workshop |
| 33:32 | AiM | Cronnos · first_market_buy 100 stone |
| 35:56 | OX | JuDaS · first_building Castle |
| 38:08 | OX | JuDaS · resign |
[ AI ANALYSIS · 1 CREDIT ]
What really happened in this match?
Wolo.gg analyzes every decision: build order, eco, micro, common mistakes by bracket. Personalized analysis on WhatsApp or Discord in 30 seconds.
Civ guide
Koreans
Perfil
Jugador #2945876